 Dungeon Crawl Stone Soup version 0.28.0-43-g3370ac3207 (webtiles) character file.

Game seed: 16528705748599443416

78 croobank the Sneak (level 4, 0/27 HPs)
             Began as an Octopode Fire Elementalist on Mar 17, 2022.
             Killed by nerve-wracking pain
             ... invoked by an orc priest
              (14 damage)
             ... on level 3 of the Dungeon.
             The game lasted 00:05:43 (2308 turns).

croobank the Sneak (Octopode Fire Elementalist)     Turns: 2308, Time: 00:05:53

Health: 0/27       AC:  5    Str:  7    XL:     4   Next: 36%
Magic:  5/7        EV: 13    Int: 19    God:
Gold:   66         SH:  0    Dex: 12    Spells: 5/8 levels left

rFire   . . .      SeeInvis .   h - staff of poison
rCold   . . .      Faith    .   (no shield)
rNeg    . . .      Spirit   .   (helmet restricted)
rPois   +          Reflect  .   (no amulet)
rElec   .          Harm     .   i - ring of flight
rCorr   .          Rampage  .   k - +4 ring of protection
Will    .....                   m - +4 ring of slaying
Stlth   +++.......              (no ring)
HPRegen 0.09/turn               (no ring)
MPRegen 0.10/turn               (no ring)
                                (no ring)
                                (no ring)

@: flying
A: almost no armour, amphibious, 8 rings, camouflage 1, gelatinous body 1,
(nimble swimmer 1), tentacles
a: no special abilities


You were on level 3 of the Dungeon.
You visited 1 branch of the dungeon, and saw 3 of its levels.

You collected 66 gold pieces.

Inventory:

Missiles
 c - 48 sling bullets
 e - 51 stones
 n - 14 bolts
Magical Staves
 h - a staff of poison (weapon)
Jewellery
 i - a ring of flight (left tentacle)
 k - a +4 ring of protection (right tentacle)
 m - a +4 ring of slaying (on tentacle)
Scrolls
 a - a scroll of summoning {unknown}
 b - a scroll of fog {unknown}
 g - 2 scrolls of identify {unknown}
 j - a scroll of fear {unknown}
 l - a scroll of blinking {unknown}
 o - a scroll of holy word {unknown}
Potions
 d - a potion of curing {unknown}
 f - 2 potions of invisibility {unknown}


   Skills:
 + Level 2.7 Dodging
 + Level 3.6 Stealth
 + Level 2.5 Spellcasting
 + Level 1.9 Conjurations
 + Level 3.4 Fire Magic


You had 5 spell levels left.
You knew the following spells:

 Your Spells              Type           Power      Damage    Failure   Level
a - Foxfire               Conj/Fire      48%        2x1d6     5%          1
b - Scorch                Fire           30%        2d7       6%          2

Your spell library contained the following spells:

 Spells                   Type           Power      Damage    Failure   Level
 Magic Dart               Conj           36%        1d4       8%          1
 Conjure Flame            Conj/Fire      12%        6-21      16%         3
 Call Imp                 Summ           2%         N/A       24%         2
 Inner Flame              Hex/Fire       9%         N/A       24%         3
 Mephitic Cloud           Conj/Pois/Air  7%         N/A       36%         3
 Flame Wave               Conj/Fire      12%        2d6       45%         4


Dungeon Overview and Level Annotations

Branches:
Dungeon (3/15)

Altars:


Innate Abilities, Weirdness & Mutations

You cannot wear most types of armour.
You are amphibious.
You can wear up to eight rings at the same time.
Your skin changes colour to match your surroundings (Stealth+).
Your rubbery body absorbs attacks. (AC +1, EV +1)
((You are camouflaged when in or above water. (Stealth+)))
You have tentacles for arms and can constrict up to eight enemies at once.


Message History

Casting: Foxfire (safe; 5% risk of failure)
Confirm with . or Enter, or press ? or * to list all spells.
You conjure some foxfire!
The foxfire hits the goblin.
The goblin is severely wounded.
The goblin shouts!
Casting: Foxfire (safe; 5% risk of failure)
Confirm with . or Enter, or press ? or * to list all spells.
You conjure some foxfire!
The foxfire hits the goblin.
You kill the goblin!
Your foxfire dissipates!
A ball python comes into view.
The foxfire hits the ball python.
You kill the ball python!
Casting: Foxfire (safe; 5% risk of failure)
Confirm with . or Enter, or press ? or * to list all spells.
Okay, then.
You see here a ball python corpse.
An orc wizard comes into view. It is wielding a +0 dagger.
Found a scroll labelled COK JIAROUNOPS.
The orc wizard shouts!
You hear a shout! x2
An orc comes into view. It is wielding a +0 hand axe.
An orc comes into view. It is wielding a +0 dagger.
The orc misses you.
An orc priest comes into view. It is wielding a +0 short sword.
A goblin comes into view. It is wielding a +0 club.
The orc barely misses you.
Casting: Foxfire (safe; 5% risk of failure)
Confirm with . or Enter, or press ? or * to list all spells.
Flames lash the orc.
You kill the orc!
The orc priest calls down the wrath of Beogh upon you.
Beogh smites you!
You hit the orc priest. You grab the orc priest.
The orc priest is moderately wounded.
You constrict the orc priest. The orc hits you with a +0 dagger.
The orc priest invokes the aid of Beogh against you.
Pain shoots through your body!
Ouch! That really hurt!
You die...

#.# #.# #...# #.# #.#
###...####
##.#####.###.........#
##....................
.....#.#.###........
.###.#.#.## #...#
.....#.).†#####...#
>.#####.....o...).#
... #....######@.#
#..# #.#......g.oo#
### #.##########.# ..
.. #.# .## ## .. #. .#


You could see an orc priest, an orc wizard, an orc and a goblin.

Vanquished Creatures
  An adder (D:2)
  2 worms (D:2)
  A dart slug (D:1)
  An orc (D:3)
  6 ball pythons
  3 endoplasms
  2 giant cockroaches (D:2)
  7 goblins
  6 hobgoblins
  4 kobolds
  4 quokkas
  8 bats
  3 frilled lizards
  9 rats
57 creatures vanquished.

Vanquished Creatures (collateral kills)
  A foxfire (D:1)
1 creature vanquished.

Vanquished Creatures (others)
  98 foxfires
98 creatures vanquished.

Grand Total: 156 creatures vanquished

Notes
Turn   | Place    | Note
-------+----------+-------------------------------------------
     0 | D:1      | croobank the Octopode Fire Elementalist began the quest for
                  | the Orb.
     0 | D:1      | Reached XP level 1. HP: 11/11 MP: 3/3
   168 | D:1      | Reached XP level 2. HP: 17/17 MP: 3/5
   174 | D:1      | Learned a level 2 spell: Scorch
   785 | D:1      | Reached XP level 3. HP: 21/21 MP: 2/6
  1662 | D:2      | Reached XP level 4. HP: 23/27 MP: 5/7
  2308 | D:3      | Killed from afar by an orc priest

Illustrated notes

Levels and vault maps discovered:
D:1:      erik_arrival_blinker_ship, layout_basic, chequers_garden,
          glass_columns_c, serial_bayou_crossing
D:2:      layout_rooms, minmay_crystal_water
D:3:      minmay_door_path, layout_loops_ring, ebering_ghost_sewer_d,
          hellmonk_ecumenical_altar_lost_god, kennysheep_cross_bottleneck

Skill      XL: |  1  2 |
---------------+-------+-----
Stealth        | 3 |  3.6
Dodging        | |  2.7
Spellcasting   | |  2.5
Conjurations   | |  1.9
Fire Magic     | |  3.4

Action                   |  1- 3 |  4- 6 || total
-------------------------+-------+-------++-------
Melee: Unarmed           |     6 |       ||     6
       Constrict         |     7 |     3 ||    10
       Tentacles         |     7 |     3 ||    10
       Staff             |    12 |     6 ||    18
 Cast: Foxfire           |    43 |    16 ||    59
       Scorch            |     4 |     2 ||     6
Armor: Skin              |     4 |     6 ||    10
Dodge: Dodged            |    10 |     7 ||    17
